 Dungeon Crawl Stone Soup version 0.30.0-5-g1a98f26d00 (webtiles) character file.

Game seed: 7067546131436846091

72 Exaltedone87 the Covered (level 4, -2/40 HPs)
             Began as an Armataur Fighter on May 10, 2023.
             Killed from afar by a starcursed mass (6 damage)
             ... with an accursed screaming
             ... on level 2 of the Abyss.
             The game lasted 00:03:32 (2163 turns).

Exaltedone87 the Covered (Armataur Fighter)         Turns: 2163, Time: 00:03:32

Health: -2/40      AC: 17    Str: 23    XL:     4   Next: 7%
Magic:  0/0        EV:  5    Int:  8    God:
Gold:   113        SH:  6    Dex: 15    Spells: 3/3 levels left

rFire   . . .        a - +0 flail
rCold   . . .        c - +1 buckler
rNeg    . . .        b - +0 scale mail
rPois   .            f - +0 helmet
rElec   .            (no cloak)
rCorr   .            (no gloves)
SInv    .            e - +4 barding of Context {MP-9 Str+2 Dex+3}
Will    .....        (no amulet) Stlth
                     (no ring)
HPRegen 0.26/turn    (no ring)
MPRegen 0.07/turn

%: roll
@: no status effects
A: large, rugged brown scales 3, deformed body, armoured tail, roll, long
tongue, awkward tongue
a: no special abilities


You were on level 2 of the Abyss.
You visited 1 branch of the dungeon, and saw 3 of its levels.
You visited the Abyss 1 time.

You collected 113 gold pieces.

Inventory:

Hand Weapons
 a - a +0 flail (weapon)
Armour
 b - a +0 scale mail (worn)
 c - a +1 buckler (worn)
 e - the +4 barding of Context (worn) {MP-9 Str+2 Dex+3}
   (You acquired it on level 2 of the Dungeon)

   Str:       It affects your strength (+2).
   Dex:       It affects your dexterity (+3).
   MP:        It affects your magic capacity (-9).
 f - a +0 helmet (worn)
Jewellery
 g - a +5 ring of evasion
 m - an amulet of guardian spirit
Scrolls
 k - a scroll of identify
Potions
 d - a potion of might
 h - a potion of attraction
 i - a potion of curing
 j - a potion of lignification {unknown}
 l - a potion of magic {unknown}
 n - 3 potions of heal wounds {unknown}


   Skills:
 + Level 3.1 Fighting
 * Level 2.8 Maces & Flails
 + Level 4.2 Armour
 + Level 3.8 Shields


You had 3 spell levels left.
You didn't know any spells.
Your spell library contained the following spells:

 Spells                   Type           Power      Damage    Failure   Level
 Gell's Gravitas          Tloc           0%         N/A       98%         3
 Stone Arrow              Conj/Erth      0%         3d7       98%         3
 Teleport Other           Tloc           0%         N/A       98%         3
 Animate Armour           Summ/Erth      0%         N/A       100%        4
 Dispersal                Tloc           0%         N/A       100%        6
 Lehudib's Crystal Spear  Conj/Erth      0%         10d2      100%        8


Dungeon Overview and Level Annotations

Branches:
Dungeon (3/15)

Altars:
Vehumet

Annotations:
D:3 Crazy Yiuf


Innate Abilities, Weirdness & Mutations

You are completely covered in rugged brown scales. (AC +3, +7% HP)
Armour fits poorly on your strangely shaped body.
You have a long armoured tail.
You roll when moving toward enemies. (Rampage)
Your long tongue fully drains potion bottles. (2x potion effects)
Your tongue gives you trouble enunciating. (1.5x scroll delay)


Message History

Crazy Yiuf is severely wounded.
Crazy Yiuf hits you but does no damage.
You hit Crazy Yiuf.
You tail-slap Crazy Yiuf, but do no damage.
Crazy Yiuf is almost dead.
You block Crazy Yiuf's attack.
Crazy Yiuf hits you with a +4 quarterstaff of chaos!
You are cast into the Abyss!
This branch contains the abyssal rune of Zot.
There is an open translucent door here.
There is an open translucent door here.
A starcursed mass splits.
A starcursed mass splits.
A chorus of shrieks assaults your mind.
A starcursed mass splits.
A chorus of shrieks assaults your mind.
* * * LOW HITPOINT WARNING * * *
A starcursed mass splits.
A starcursed mass splits.
A starcursed mass splits.
A deafening chorus of shrieks assaults your mind!
* * * LOW HITPOINT WARNING * * *
You suddenly lose the ability to move!
You can move again.
A starcursed mass splits.
Found a gateway leading deeper into the Abyss.
A chorus of shrieks assaults your mind.
* * * LOW HITPOINT WARNING * * *
There is a gateway leading deeper into the Abyss here.
You can't go up here!
You plunge deeper into the Abyss.
Found a corrupted altar of Lugonu.
You start resting.
A starcursed mass is nearby!
The starcursed mass shrieks in your mind.
* * * LOW HITPOINT WARNING * * *
You start resting.
A starcursed mass is nearby!
The starcursed mass shrieks in your mind.
You die...

#..####.#.....#
..
..............
..
....#......##.##
#........... .
#.#....# #.
#.X##.. # ..#
#..#....#.. .
#..##.......#
#@###..#..###
#.#....#....#
..##X # .#
~#..... ...
.....#... X #.
#. #.##.......
#. .#.#..#_... .
.. ... .## . .#
...# #.


You could see a starcursed mass.

Vanquished Creatures
  2 adders
  A dart slug (D:1)
  7 endoplasms
  6 goblins
  2 hobgoblins
  3 jackals (D:1)
  2 kobolds (D:1)
  6 quokkas
  4 ball pythons
  7 bats
  2 frilled lizards
  7 rats
49 creatures vanquished.

Notes
Turn   | Place    | Note
-------+----------+-------------------------------------------
     0 | D:1      | Exaltedone87 the Armataur Fighter began the quest for the
                  | Orb.
     0 | D:1      | Reached XP level 1. HP: 19/19 MP: 1/1
     0 | D:1      | Noticed a tengu
     3 | D:1      | Noticed a barachi
     5 | D:1      | Noticed a draconian
     8 | D:1      | Noticed a human
    11 | D:1      | Noticed an elf
    13 | D:1      | Noticed a human
    13 | D:1      | Noticed a felid
    16 | D:1      | Noticed a human
    18 | D:1      | Noticed a vine stalker
    18 | D:1      | Noticed an octopode
    18 | D:1      | Noticed a draconian
    20 | D:1      | Noticed a human
    22 | D:1      | Noticed a vampire
   217 | D:1      | Reached XP level 2. HP: 22/26 MP: 2/2
   351 | D:1      | Found a faded altar of an unknown god.
   378 | D:1      | Reached skill level 4 in Armour
   383 | D:1      | Reached XP level 3. HP: 29/32 MP: 3/3
   724 | D:2      | Identified a scroll of acquirement
   724 | D:2      | Acquired the +4 barding of Context {MP-9 Str+2 Dex+3}
  1493 | D:3      | Found a radiant altar of Vehumet.
  1537 | D:3      | Reached XP level 4. HP: 37/40 MP: 0/4
  1874 | D:3      | Identified the +5 dagger of Zeruj {flame, +Blink Will+}
  1965 | D:3      | Found a runed translucent door.
  1966 | D:3      | Noticed Crazy Yiuf
  2112 | Abyss:1  | Cast into level 1 of the Abyss (Crazy Yiuf)
  2115 | Abyss:1  | Noticed a starcursed mass
  2132 | Abyss:1  | Paralysed by accursed screaming for 1 turns
  2135 | Abyss:1  | HP: 1/40 [starcursed mass/accursed screaming (8)]
  2138 | Abyss:2  | Found a corrupted altar of Lugonu.
  2154 | Abyss:2  | HP: 1/40 [starcursed mass/accursed screaming (4)]
  2163 | Abyss:2  | Killed from afar by a starcursed mass

Illustrated notes

Levels and vault maps discovered:
D:1:      shiori_arrival_whats_in_store_for_you, layout_basic,
          hellmonk_ecumenical_altar_run_dry
D:2:      layout_loops_ring, minmay_misc_feat_encased
D:3:      layout_loops_ring, nicolae_vehumet_radiance, uniq_crazy_yiuf_cottage
Abyss:2:  base: D:2, minivault_19, hangedman_abyss_overflow_altar

Skill      XL: |  1  2  3 |
---------------+----------+-----
Maces & Flails | 2 |  2.8
Armour         | 4 |  4.2
Fighting       | 3 |  3.1
Shields        | |  3.8

Action                     |  1- 3 |  4- 6 || total
---------------------------+-------+-------++-------
  Melee: Flail             |   116 |     6 ||   122
         Tailslap          |     5 |     2 ||     7
    Use: Scroll            |     7 |       ||     7
 Armour: Scale mail        |    70 |     1 ||    71
  Dodge: Dodged            |    31 |       ||    31
  Block: Buckler           |    22 |     3 ||    25
